 Dungeon Crawl Stone Soup version 0.28-a0-723-g095bd1b44f (webtiles) character file.

Game seed: 618248008270475280

18 lawman0 the Stinger (level 2, -1/19 HPs)
             Began as a Demonspawn Venom Mage on Oct 25, 2021.
             Slain by an adder (2 damage)
             ... on level 2 of the Dungeon.
             The game lasted 00:01:24 (1151 turns).

lawman0 the Stinger (Demonspawn Venom Mage)         Turns: 1151, Time: 00:01:24

Health: -1/19      AC:  3    Str:  8    XL:     2   Next: 51%
Magic:  1/5        EV: 11    Int: 16    God:
Gold:   90         SH:  0    Dex: 13    Spells: 4/5 levels left

rFire   . . .      SeeInvis .   d - +0 short sword
rCold   . . .      Faith    .   (no shield)
rNeg    . . .      Spirit   .   f - +0 leather armour
rPois   .          Reflect  .   (no helmet)
rElec   .          Harm     .   (no cloak)
rCorr   .          Rampage  .   (no gloves)
Will    .....                   (no boots)
Stlth   ++........              (no amulet)
HPRegen 0.06/turn               (no ring)
MPRegen 0.09/turn               (no ring)

@: lethally poisoned (-1 -> -7), very slightly contaminated
A: demonic touch 1
a: no special abilities


You were on level 2 of the Dungeon.
You visited 1 branch of the dungeon, and saw 2 of its levels.

You collected 90 gold pieces.

Inventory:

Hand Weapons
 d - a +0 short sword (weapon)
Missiles
 c - 13 poisoned darts
Armour
 f - a +0 leather armour (worn)
Scrolls
 a - a scroll of identify {unknown}
Potions
 b - a potion of cancellation {unknown}
 e - 2 potions of curing {unknown}


   Skills:
 + Level 1.8 Dodging
 + Level 1.8 Stealth
 + Level 2.4 Spellcasting
 + Level 0.9 Transmutations
 * Level 3.4 Poison Magic


You had 4 spell levels left.
You knew the following spells:

 Your Spells              Type           Power      Damage    Failure   Level
a - Sting                 Tmut/Pois      32%        1d4       12%         1

Your spell library contained the following spells:

 Spells                   Type           Power      Damage    Failure   Level
 Poisonous Vapours        Pois/Air       14%        N/A       22%         2
 Shock                    Conj/Air       4%         1d3       28%         1
 Mephitic Cloud           Conj/Pois/Air  5%         N/A       47%         3
 Olgreb's Toxic Radiance  Pois           13%        N/A       56%         4
 Swiftness                Air            1%         N/A       65%         3
 Airstrike                Air            0%         N/A       96%         4


Dungeon Overview and Level Annotations

Branches:
Dungeon (2/15)

Altars:


Innate Abilities, Weirdness & Mutations

Your touch may inflict minor irresistible damage on your foes.


Message History

Casting: Sting (safe; 12% risk of failure)
Confirm with . or Enter, or press ? or * to list all spells.
Aiming: Sting (safe; 12% risk of failure)
Press: ? - help, Shift-Dir - straight line, f/p - adder
Aim: an adder (heavily wounded, very poisoned, 48% to hit)
You miscast Sting.
You are very lightly contaminated with residual magic.
Nothing appears to happen.
The adder bites you.
Unknown command.
Unknown command.
Casting: Sting (safe; 12% risk of failure)
Confirm with . or Enter, or press ? or * to list all spells.
Aiming: Sting (safe; 12% risk of failure)
Press: ? - help, Shift-Dir - straight line, f/p - adder
Aim: an adder (heavily wounded, very poisoned, 48% to hit)
You miscast Sting.
Nothing appears to happen.
The adder barely misses you. The adder bites you.
Unknown command.
You closely miss the adder.
The adder is heavily wounded.
The adder misses you.
You barely miss the adder.
The adder is heavily wounded.
The adder bites you.
Unknown command.
You hit the adder. Your touch misses the adder.
The adder is heavily wounded.
The adder bites you. x2
You hit the adder but do no damage.
The adder is severely wounded.
The adder bites you.
* * * LOW HITPOINT WARNING * * *
You are lethally poisoned!
The adder poisons you!
You are too injured to fight recklessly!
You closely miss the adder.
The adder is almost dead.
* * * LOW HITPOINT WARNING * * *
You feel sick. The adder barely misses you. The adder bites you.
You die...

#. #.# # #.#
#.#.# #.#.# #>...
#.#.########
#...@S......
###.######## #.#
######### #.#
##.......#####.##
#........'......#
#........####...#
#........# #...#
#........# #####


You could see an adder (poisoned).

Vanquished Creatures
  A dart slug (D:1)
  A ball python (D:1)
  3 endoplasms
  A goblin (D:1)
  3 hobgoblins
  2 kobolds (D:1)
  A bat (D:2)
  2 rats
14 creatures vanquished.

Vanquished Creatures (others)
  5 toadstools (D:1)
5 creatures vanquished.

Grand Total: 19 creatures vanquished

Notes
Turn   | Place    | Note
-------+----------+-------------------------------------------
     0 | D:1      | lawman0 the Demonspawn Venom Mage began the quest for the
                  | Orb.
     0 | D:1      | Reached XP level 1. HP: 13/13 MP: 3/3
   458 | D:1      | Gained mutation: Your touch may inflict minor irresistible
                  | damage on your foes. [demonic ancestry]
   458 | D:1      | Reached XP level 2. HP: 16/19 MP: 0/5
  1151 | D:2      | Slain by an adder

Illustrated notes

Levels and vault maps discovered:
D:1:      ldierk_walled_garden, layout_basic
D:2:      layout_basic, dreamdust_ecumenical_altar_drowned_temple,
          minmay_tromino_i4

Action                   || total
-------------------------++-------
Melee: Unarmed           ||     3
       Short sword       ||    21
       Touch             ||     1
 Cast: Sting             ||    23
Armor: Robe              ||     6
Dodge: Dodged            ||    15

Table legend: (Time is in decaauts)
 A = Elapsed time spent in this place.
 B = Non-inter-level travel time spent in this place.
 C = Inter-level travel time spent in this place.
 D = Time resting spent in this place.
 E = Time spent auto-exploring this place.
 F = Levels seen in this place.
 G = Mean time per level.
                   A        B        C        D        E       F      G
               +--------+--------+--------+--------+--------+-----+--------+
         Total |   1152 |   1145 |      7 |    164 |    837 |   2 |  576.0 |
       Dungeon |   1152 |   1145 |      7 |    164 |    837 |   2 |  576.0 |
               +--------+--------+--------+--------+--------+-----+--------+

Top non-repeatable levels by time:
     D:1: 888 daAuts
     D:2: 263 daAuts
